 Dungeon Crawl Stone Soup version 0.28.0-45-g0d030f2227 (webtiles) character file.

Game seed: 2435193725659292642

1226 bromine the Skirmisher (level 8, -5/84 HPs)
             Began as an Ogre Berserker on Mar 29, 2022.
             Was a Believer of Trog.
             Slain by a killer bee simulacrum (7 damage)
             ... on level 5 of the Dungeon on Apr 5, 2022.
             The game lasted 00:11:33 (6128 turns).

bromine the Skirmisher (Ogre Berserker)             Turns: 6128, Time: 00:11:34

Health: -5/84      AC:  3    Str: 27    XL:     8   Next: 47%
Magic:  8/8        EV:  9    Int:  8    God:    Trog [**....]
Gold:   164        SH:  6    Dex:  8    Spells: 7/7 levels left

rFire   . . .      SeeInvis .   o - +2 mace of Precise Incision {freeze, rPois Str+3}
rCold   . . .      Faith    .   r - +0 kite shield
rNeg    + . .      Spirit   .   b - +0 animal skin
rPois   +          Reflect  .   (helmet restricted)
rElec   .          Harm     .   (no cloak)
rCorr   .          Rampage  .   (gloves unavailable)
Will    .....                   (boots unavailable)
Stlth   +.........              (no amulet)
HPRegen 0.24/turn               d - ring of positive energy
MPRegen 0.11/turn               (no ring)

@: on berserk cooldown, slowed, very slow
A: large, unfitting armour, tough skin 1
a: Renounce Religion, Berserk, Trog's Hand


You were on level 5 of the Dungeon.
You worshipped Trog.
Trog was pleased with you.
You visited 1 branch of the dungeon, and saw 5 of its levels.

You collected 164 gold pieces.

Inventory:

Hand Weapons
 a - a +0 hand axe
 k - a +0 trident
 n - a +0 spear
 o - the +2 mace of Precise Incision (weapon) {freeze, rPois Str+3}
   (You found it on level 3 of the Dungeon)

   It freezes those it strikes, dealing additional cold damage.
   It can also slow down cold-blooded creatures.
   Str:       It affects your strength (+3).
   rPois:     It protects you from poison.
 p - a +0 falchion
Armour
 b - a +0 animal skin (worn)
 q - a +0 helmet
 r - a +0 kite shield (worn)
Jewellery
 d - a ring of positive energy (left hand)
 t - a ring of resist corrosion
Wands
 m - a wand of digging (7)
 s - a wand of mindburst (16)
Scrolls
 e - 4 scrolls of identify {unknown}
 g - a scroll of fog {unknown}
 h - a scroll of enchant weapon {unknown}
 j - 2 scrolls of fear {unknown}
 l - a scroll of amnesia {unknown}
 v - 2 scrolls of teleportation {unknown}
Potions
 c - 2 potions of lignification {unknown}
 f - a potion of resistance {unknown}
 i - a potion of attraction {unknown}
 u - a potion of haste {unknown}
 w - 2 potions of flight {unknown}
 x - a potion of curing {unknown}


   Skills:
 + Level 6.9 Fighting
 + Level 4.4(5.8) Axes
 + Level 5.2(5.9) Maces & Flails
 + Level 4.7 Dodging
 + Level 1.7 Stealth
 + Level 2.3 Shields


You had 7 spell levels left.
You didn't know any spells.
Your spell library was empty.

Dungeon Overview and Level Annotations

Branches:
Dungeon (5/15)             Temple (0/1) D:4

Altars:
Cheibriados
Makhleb
Okawaru
Vehumet

Shops:
D:5 [


Innate Abilities, Weirdness & Mutations

You are too large for most types of armour.
You have tough skin. (AC +1)


Message History

Really walk into that cloud of freezing vapour? [Y]es or [N]o only, please.
Really walk into that cloud of freezing vapour? [Y]es or [N]o only, please.
Really walk into that cloud of freezing vapour? [Y]es or [N]o only, please.
Really walk into that cloud of freezing vapour? [Y]es or [N]o only, please.
Really walk into that cloud of freezing vapour?
Okay, then.
A killer bee simulacrum is nearby!
A killer bee simulacrum is nearby!
Really walk into that cloud of freezing vapour? [Y]es or [N]o only, please.
Really walk into that cloud of freezing vapour? [Y]es or [N]o only, please.
Really walk into that cloud of freezing vapour? [Y]es or [N]o only, please.
Really walk into that cloud of freezing vapour?
Okay, then.
You barely miss the killer bee simulacrum.
You are no longer berserk.
You are exhausted.
You feel yourself slow down. The killer bee simulacrum hits you.
The killer bee simulacrum freezes you!
* * * LOW HITPOINT WARNING * * *
You block the killer bee simulacrum's attack.
Okay, then.
You closely miss the killer bee simulacrum.
You block the killer bee simulacrum's attack.
The killer bee simulacrum hits you.
* * * LOW HITPOINT WARNING * * *
The killer bee simulacrum freezes you.
* * * LOW HITPOINT WARNING * * *
The killer bee simulacrum hits you.
* * * LOW HITPOINT WARNING * * *
The killer bee simulacrum freezes you.
* * * LOW HITPOINT WARNING * * *
The killer bee simulacrum hits you!
You die...

#..##...#####...#.
#.....###...###...
#...###.....5.##.#
#..##....###.Z.#.#
#..#....# #..#.#
#..#...##Y. #..#[#
#..'...#$...#.##..
#○.'...#$.=.Z5#..#
#@Z'...##.....#..#
#..#....#.....##..
#..#....##.....#.#
#..##....###...#.#
#...##........##..
#....###..... #...
##.....##### ##.##
##...[....###..#
###....#.....##


You could see a killer bee simulacrum.

Vanquished Creatures
  The ghost of Icepheonix32 the Arsonist, a novice DrFE of Vehumet (D:5)
  A water moccasin (D:5)
  An ogre (D:5)
  2 phantoms (D:4)
  A wyvern zombie (D:4)
  3 scorpions
  A water moccasin zombie (D:5)
  A water moccasin skeleton (D:4)
  A water moccasin simulacrum (D:5)
  3 hounds
  A scorpion zombie (D:5)
  A hound zombie (D:5)
  2 adders
  A shadow imp (D:5)
  A white imp (D:5)
  2 worms
  5 dart slugs
  2 orcs (D:4)
  7 bats
  3 endoplasms
  3 giant cockroaches
  7 goblins
  13 hobgoblins
  8 jackals
  2 quokkas (D:3)
  6 ball pythons
  4 frilled lizards
  8 kobolds
  6 rats
97 creatures vanquished.

Vanquished Creatures (others)
  5 plants (D:1)
5 creatures vanquished.

Grand Total: 102 creatures vanquished

Notes
Turn   | Place    | Note
-------+----------+-------------------------------------------
     0 | D:1      | bromine the Ogre Berserker began the quest for the Orb.
     0 | D:1      | Reached XP level 1. HP: 24/24 MP: 1/1
   135 | D:1      | Reached XP level 2. HP: 32/32 MP: 2/2
   326 | D:1      | Reached XP level 3. HP: 28/40 MP: 3/3
  1519 | D:2      | Reached ** piety under Trog
  1584 | D:2      | Found a burning altar of Makhleb.
  1584 | D:2      | Found a faded altar of an unknown god.
  1711 | D:2      | Reached XP level 4. HP: 47/49 MP: 4/4
  2172 | D:3      | Found an iron altar of Okawaru.
  2201 | D:3      | Identified the +2 mace of Precise Incision {freeze, rPois
                  | Str+3}
  2610 | D:3      | Noticed a scorpion
  2615 | D:3      | Killed a scorpion
  2616 | D:3      | Reached skill level 5 in Fighting
  2616 | D:3      | Reached XP level 5. HP: 54/57 MP: 5/5
  3174 | D:4      | Reached skill level 1 in Maces & Flails
  3181 | D:4      | Found a radiant altar of Vehumet.
  3278 | D:4      | Noticed a phantom
  3288 | D:4      | Killed a phantom
  3289 | D:4      | Reached XP level 6. HP: 58/66 MP: 6/6
  3714 | D:4      | Reached skill level 1 in Stealth
  3850 | D:4      | Reached skill level 1 in Shields
  3948 | D:4      | Found a staircase to the Ecumenical Temple.
  4139 | D:4      | Reached XP level 7. HP: 72/72 MP: 7/7
  4965 | D:5      | Entered Level 5 of the Dungeon
  4979 | D:5      | Noticed Icepheonix32's ghost (novice DrFE)
  5006 | D:5      | Found a runed translucent gate.
  5006 | D:5      | Found a runed translucent gate.
  5006 | D:5      | Found a runed translucent gate.
  5202 | D:5      | Found Idati's Armour Shoppe.
  5537 | D:5      | Reached skill level 6 in Fighting
  5812 | D:5      | Found a snail-covered altar of Cheibriados.
  5825 | D:5      | Reached XP level 8. HP: 56/84 MP: 8/8
  5931 | D:5      | Upgraded the game from 0.28.0-43-g3370ac3207 to
                  | 0.28.0-45-g0d030f2227
  6120 | D:5      | Killed Icepheonix32's ghost
  6121 | D:5      | Reached skill level 5 in Maces & Flails
  6128 | D:5      | HP: 2/84 [killer bee simulacrum (5)]
  6128 | D:5      | Slain by a killer bee simulacrum

Illustrated notes

Levels and vault maps discovered:
D:1:      saegor_arrival_simple_b, layout_loops_ring, chequers_big_river
D:2:      layout_rooms, hellmonk_ecumenical_altar_leap_of_faith, basic_altar
D:3:      layout_basic, okawaru_ov_weapons_minmay
D:4:      layout_loops_ring, nicolae_vehumet_altar_sigil,
          minmay_temple_entry_slanted
D:5:      layout_basic, old_standard_altar, gammafunk_ghost_icy, serial_shops,
          kennysheep_little_box

Skill      XL: |  1  2  3  4  5  6  7  8 |
---------------+-------------------------+-----
Dodging        | 3 4 |  4.7
Axes           | 4 |  4.4
Fighting       | 5 6 |  6.9
Maces & Flails | 1 2 4 5 |  5.2
Stealth        | 1 |  1.7
Shields        | 1 2 |  2.3

Action                   |  1- 3 |  4- 6 |  7- 9 || total
-------------------------+-------+-------+-------++-------
Melee: Hand axe          |   104 |    23 |       ||   127
       Punch             |     1 |       |       ||     1
       Mace              |       |    92 |    77 ||   169
Invok: Berserk           |     1 |     2 |     2 ||     5
Armor: Animal skin       |    35 |    43 |    16 ||    94
Dodge: Dodged            |    69 |    72 |    33 ||   174
Block: Kite shield       |       |    24 |    29 ||    53
